 Dungeon Crawl Stone Soup version 0.29.1-15-g9cfb28693d (webtiles) character file.

Game seed: 1926735066136077747

9 leafyfresh the Sneak (level 2, -1/21 HPs)
             Began as an Octopode Delver on Feb 25, 2023.
             Slain by an ogre
             ... wielding a +0 giant spiked club
              (22 damage)
             ... on level 5 of the Dungeon.
             The game lasted 00:00:15 (104 turns).

leafyfresh the Sneak (Octopode Delver)               Turns: 104, Time: 00:00:16

Health: -1/21      AC:  1    Str: 11    XL:     2   Next: 12%
Magic:  2/2        EV: 13    Int: 12    God:
Gold:   22         SH:  0    Dex: 13    Spells: 1/1 levels left

rFire   . . .      SeeInvis .   a - +0 short sword
rCold   . . .      Faith    .   (no shield)
rNeg    . . .      Spirit   .   (helmet restricted)
rPois   .          Reflect  .   (no amulet)
rElec   .          Harm     .   (no ring)
rCorr   .          Rampage  .   (no ring)
Will    .....                   (no ring)
Stlth   ++++......              (no ring)
HPRegen 0.07/turn               (no ring)
MPRegen 0.08/turn               (no ring)
                                (no ring)
                                (no ring)

@: no status effects
A: almost no armour, amphibious, 8 rings, camouflage 1, gelatinous body 1,
(nimble swimmer 1), tentacles
a: no special abilities


You were on level 5 of the Dungeon.
You visited 1 branch of the dungeon, and saw 1 of its levels.

You collected 22 gold pieces.

Inventory:

Hand Weapons
 a - a +0 short sword (weapon)
Wands
 f - a wand of digging (3)
Scrolls
 b - a scroll of fog
 c - a scroll of magic mapping
 d - a scroll of fear
 g - 3 scrolls of blinking {unknown}
 h - a scroll of amnesia {unknown}
Potions
 e - a potion of haste


   Skills:
 + Level 3.1 Fighting
 - Level 2.2 Short Blades
 + Level 2.2 Dodging
 + Level 6.7 Stealth


You had one spell level left.
You didn't know any spells.
Your spell library was empty.

Dungeon Overview and Level Annotations

Branches:
Dungeon (5/15)
 Temple: D:4-7

Altars:
Gozag
Nemelex Xobeh
Sif Muna


Innate Abilities, Weirdness & Mutations

You cannot wear most types of armour.
You are amphibious.
You can wear up to eight rings at the same time.
Your skin changes colour to match your surroundings (Stealth+).
Your rubbery body absorbs attacks. (AC +1, EV +1)
((You are camouflaged when in or above water. (Stealth+)))
You have tentacles for arms and can constrict up to eight enemies at once.


Message History

You open the door.
Found a shimmering blue altar of Sif Muna.
Found an opulent altar of Gozag.
There is an open door here.
There is an open door here.
You open the door.
An adder comes into view.
An adder is nearby!
There is an open door here.
The helpless adder fails to defend itself.
You puncture the adder!
You kill the adder!
You have reached level 2!
You now have 22 gold pieces (gained 16).
You open the door.
Something unseen opens the door.
You sense a monster nearby.
No target in view!
There is an open door here.
You open the door.
An ogre comes into view. It is wielding a +0 giant spiked club.
There is an open door here.
An ogre is nearby!
Found a sparkling altar of Nemelex Xobeh.
No target in view!
There is an open door here.
You hit the ogre.
The ogre is lightly wounded.
You hit the ogre but do no damage.
The ogre is lightly wounded.
The ogre closely misses you.
You hit the ogre.
The ogre is moderately wounded.
The ogre closely misses you.
You hit the ogre.
The ogre is moderately wounded.
You hit the ogre. You squeeze the ogre!
The ogre is severely wounded.
The ogre hits you with a +0 giant spiked club!!
Ouch! That really hurt!
You die...

. .#
.....#..#.#
.. ....#..#.#
# ##'..'.# .'
..'.#..#.#
#.. #.#..#.#
#._ #.+##'.#
.#...#.#..#.#
.'...'.#..#.#
#@..'.#
......O#..###
.......#..#
###+###'### .
.# . #.


You could see an ogre.

Vanquished Creatures
  An adder (D:5)
1 creature vanquished.

Notes
Turn   | Place    | Note
-------+----------+-------------------------------------------
     0 | D:5      | leafyfresh the Octopode Delver began the quest for the Orb.
     0 | D:5      | Reached XP level 1. HP: 16/16 MP: 1/1
    32 | D:5      | Found a shimmering blue altar of Sif Muna.
    33 | D:5      | Found an opulent altar of Gozag.
    60 | D:5      | Reached XP level 2. HP: 21/21 MP: 2/2
    95 | D:5      | Noticed an ogre
    98 | D:5      | Found a sparkling altar of Nemelex Xobeh.
   104 | D:5      | Slain by an ogre

Illustrated notes

Levels and vault maps discovered:
D:5:      layout_loops_corners, mainiacjoe_overflow_surrounded_room,
          mainiacjoe_overflow_24_doors, okawaru_ov_weapons_minmay,
          mainiacjoe_overflow_divided_tiny, minmay_temple_entry_waves,
          nicolae_underground_beach, uniq_grinder, uniq_pikel

Action                   || total
-------------------------++-------
Melee: Short sword       ||     6
       Tentacles         ||     1
 Stab: Sleeping          ||     1
Dodge: Dodged            ||     2
